 Dungeon Crawl Stone Soup version 0.30-a0-603-g51a0fb1b98 (webtiles) character file.

Game seed: 2399902071015252698

7 Leeroy the Ruffian (level 1, 0/16 HPs)
             Began as a Draconian Transmuter on Jan 7, 2023.
             Slain by a quokka (1 damage)
             ... on level 2 of the Dungeon.
             The game lasted 00:00:28 (241 turns).

Leeroy the Ruffian (Draconian Transmuter)            Turns: 241, Time: 00:00:29

Health: 0/16       AC:  4    Str:  9 (12) XL:     1   Next: 83%
Magic:  2/3        EV: 12    Int: 10 (13) God:
Gold:   38         SH:  0    Dex: 10 (11) Spells: 3/4 levels left

rFire   . . .      SeeInvis .      - Unarmed
rCold   . . .      Faith    .    (no shield)
rNeg    . . .      Spirit   .    (body armour unavailable)
rPois   .          Reflect  .    (helmet currently unavailable)
rElec   .          Harm     .    (no cloak)
rCorr   .          Rampage  .    (no gloves)
Will    .....                    (boots currently unavailable)
Stlth   +                        (no amulet)
HPRegen 0.22/turn                (no ring)
MPRegen 0.08/turn                (no ring)

@: appendages (expiring)
A: horns 2, talons 2, AC +4, unfitting armour, cold-blooded
a: End Transformation


You were on level 2 of the Dungeon.
You had temporarily grown beastly horns and talons.
You visited 1 branch of the dungeon, and saw 2 of its levels.

You collected 38 gold pieces.

Inventory:

Armour
 d - a +0 helmet
Scrolls
 c - a scroll of identify {unknown}
Potions
 a - a potion of lignification


   Skills:
 - Level 1.1 Fighting
 - Level 1.7 Dodging
 + Level 3.5 Unarmed Combat
 - Level 2.0 Spellcasting
 - Level 2.0 Transmutations


You had 3 spell levels left.
You knew the following spells:

 Your Spells              Type           Power      Damage    Failure   Level
a - Beastly Appendage     Tmut           10%        N/A       14%         1

Your spell library contained the following spells:

 Spells                   Type           Power      Damage    Failure   Level
 Sting                    Tmut/Pois      12%        1d3       21%         1
 Wereblood                Tmut           5%         N/A       21%         2
 Poisonous Vapours        Pois/Air       2%         N/A       43%         2
 Spider Form              Tmut/Pois      3%         N/A       52%         3
 Ice Form                 Ice/Tmut       3%         N/A       90%         4
 Olgreb's Toxic Radiance  Pois           1%         N/A       97%         4


Dungeon Overview and Level Annotations

Branches:
Dungeon (1/15)

Altars:


Innate Abilities, Weirdness & Mutations

You have temporarily grown beastly horns and talons.
Your plain brown scales are hard. (AC +4)
You cannot fit into any form of body armour.
You are cold-blooded and may be slowed by cold attacks.


Message History

The giant cockroach bites you but does no damage.
The ball python barely misses you. The ball python constricts you.
You hit the ball python.
You kill the ball python!
The giant cockroach bites you. The goblin hits you with a +0 dagger.
The giant cockroach misses you.
The giant cockroach bites you but does no damage.
The quokka closely misses you. The quokka attacks as you move away!
The quokka bites you.
* * * LOW HITPOINT WARNING * * *
The giant cockroach attacks as you move away!
The giant cockroach bites you.
* * * LOW HITPOINT WARNING * * *
It was a potion of degeneration.
There was something very wrong with that liquid.
You feel weakened.
You feel dopey.
You feel clumsy. The giant cockroach barely misses you.
Casting: Beastly Appendage (safe; 14% risk of failure)
Confirm with . or Enter, or press ? or * to list all spells.
You grow a pair of large bovine horns.
Your feet morph into talons.
The giant cockroach barely misses you.
You closely miss the giant cockroach.
You tail-slap the giant cockroach, but do no damage.
The giant cockroach bites you but does no damage.
The giant cockroach closely misses you.
You hit the giant cockroach. You claw the giant cockroach.
You kill the giant cockroach!
You hit the quokka.
The quokka is moderately wounded.
The quokka closely misses you. The quokka misses you.
You closely miss the quokka. Your kick misses the quokka.
Your headbutt misses the quokka.
The quokka is moderately wounded.
Your transformation is almost over.
The quokka bites you.
* * * LOW HITPOINT WARNING * * *
You barely miss the quokka. You claw the quokka.
The quokka is almost dead.
The quokka bites you.
You die...

#.# ..#######.#######
.....#.........#
#.....#####.#
###....####
.############.##....#
.......=##....##....#
........#..#.###....#
......†gr@##.# #.####
........####.# #.#
........# ..# ..#
......... ..# ###
...)...$# ##..
......... ###
......... .##..$##.


You could see a quokka and a goblin.

Vanquished Creatures
  A ball python (D:2)
  2 endoplasms (D:1)
  A giant cockroach (D:2)
  A bat (D:1)
  A rat (D:1)
6 creatures vanquished.

Notes
Turn   | Place    | Note
-------+----------+-------------------------------------------
     0 | D:1      | Leeroy the Draconian Transmuter began the quest for the
                  | Orb.
     0 | D:1      | Reached XP level 1. HP: 16/16 MP: 3/3
   209 | D:1      | You fall into a shaft and drop 1 floor!
   241 | D:2      | Slain by a quokka

Illustrated notes

Levels and vault maps discovered:
D:1:      lightli_arrival_lavapool, layout_basic, serial_park_tiny_pond,
          minivault_14, hangedman_glass_teeth
D:2:      layout_rooms, hellmonk_ecumenical_altar_leap_of_faith

Action                   || total
-------------------------++-------
Melee: Unarmed           ||    21
       Kick              ||     2
       Tailslap          ||     2
       Punch             ||     1
 Cast: Beastly Appendage ||     1
  Use: Potion            ||     1
Armor: Skin              ||     9
Dodge: Dodged            ||    24

Table legend: (Time is in decaauts)
 A = Elapsed time spent in this place.
 B = Non-inter-level travel time spent in this place.
 C = Inter-level travel time spent in this place.
 D = Time resting spent in this place.
 E = Time spent auto-exploring this place.
 F = Levels seen in this place.
 G = Mean time per level.
                   A        B        C        D        E       F      G
               +--------+--------+--------+--------+--------+-----+--------+
         Total |    242 |    234 |      8 |      0 |    182 |   2 |  121.0 |
       Dungeon |    242 |    234 |      8 |      0 |    182 |   2 |  121.0 |
               +--------+--------+--------+--------+--------+-----+--------+

Top non-repeatable levels by time:
     D:1: 211 daAuts
     D:2: 30 daAuts
